 Dungeon Crawl Stone Soup version 0.27-a0-198-g1307ea1511 (webtiles) character file.

Game seed: 4155146839850159091

85995 GordonOverkill the Warrior (level 15, 0/150 HPs)
             Began as an Ogre Delver on Jan 28, 2021.
             Was the Champion of Hepliaklqana.
             Slain by a ghost moth (6 damage)
             ... on level 1 of the Spider Nest on Jan 29, 2021.
             The game lasted 02:24:42 (36075 turns).

GordonOverkill the Warrior (Ogre Delver)           Turns: 36075, Time: 02:24:43

Health: 0/150      AC: 13    Str: 20      XL:     15   Next: 85%
Magic:  1/31       EV:  8    Int: 25      God:    Hepliaklqana [******]
Gold:   1194       SH:  0    Dex:  8 (10) Spells: 17/38 levels left

rFire    + + .     SeeInvis .   v - +9 trident (venom)
rCold    + . .     Faith    .   B - +3 kite shield
rNeg     . . .     Spirit   .   p - +0 shadow dragon scales "Nuuwn" {rElec rPois rF+ Stlth++++}
rPois    +         Reflect  .   (helmet restricted)
rElec    +         Harm     .   t - scarf {rC+ rF+}
rCorr    .         Rampage  .   (gloves unavailable)
Will     ++...                  (boots unavailable)
Stlth    +.........             (no amulet)
HPRegen  0.35/turn              r - ring of Miracles {Int+9 Stlth-}
MPRegen  0.22/turn              G - ring of willpower

@: confused, very slightly contaminated, hasted, invisible, very quick
A: large, unfitting armour, reduced essence, tough skin 1
a: Renounce Religion, Recall Ancestor, Ancestor Identity, Transference, Idealise


You were on level 1 of the Spider Nest.
You worshipped Hepliaklqana.
Hepliaklqana was exalted by your worship.
You visited 4 branches of the dungeon, and saw 24 of its levels.
You also visited: Bailey.

You collected 3427 gold pieces.
You spent 2233 gold pieces at shops.

Inventory:

Hand Weapons
 v - a +9 trident of venom (weapon)
 I - the +4 dagger of the Crushed Shrikes {vorpal, *Drain rF++ Dex+3}
   (You bought it in a shop on level 2 of the Orcish Mines)

   It inflicts extra damage upon your enemies.
   It affects your dexterity (+3).
   It greatly protects you from fire.
   It causes draining when unequipped.
Missiles
 n - 118 boomerangs
 u - 30 poisoned darts
 E - 12 datura-tipped darts (quivered)
 F - 6 throwing nets
 X - 16 curare-tipped darts
Armour
 p - the +0 shadow dragon scales "Nuuwn" (worn) {rElec rPois rF+ Stlth++++}
   (You bought it in a shop on level 2 of the Orcish Mines)

   It protects you from fire.
   It insulates you from electricity.
   It protects you from poison.
   It makes you much more stealthy.
 t - a scarf of resistance (worn)
 A - a +2 cloak
 B - a +3 kite shield (worn)
 P - a +2 robe of cold resistance
 S - a +4 troll leather armour
Jewellery
 i - an uncursed ring of see invisible
 o - an uncursed ring of protection from fire
 r - the ring of Miracles (left hand) {Int+9 Stlth-}
   (You found it on level 4 of the Dungeon)

   [ring of attention]

   It affects your intelligence (+9).
   It makes you less stealthy.
 y - an uncursed ring of ice
 G - a ring of willpower (right hand)
 U - an uncursed ring of resist corrosion
Wands
 b - a wand of acid (15)
 e - a wand of enslavement (5)
 g - a wand of digging (8)
 l - a wand of paralysis (24)
 V - a wand of iceblast (5)
 Z - a wand of mindburst (3)
Scrolls
 a - 12 scrolls of remove curse
 c - 4 scrolls of fog
 d - 5 scrolls of magic mapping
 h - 4 scrolls of immolation
 m - 2 scrolls of summoning
 w - 12 scrolls of teleportation
 J - 2 scrolls of holy word
 M - a scroll of silence
 O - a scroll of fear
 W - a scroll of blinking
Potions
 f - 4 potions of haste
 s - 4 potions of might
 z - 3 potions of flight
 D - 4 potions of lignification
 K - 3 potions of cancellation
 L - 5 potions of mutation
 N - 3 potions of brilliance
 Q - a potion of magic
Miscellaneous
 q - a condenser vane (inert)
 C - a tin of tremorstones (1/2)


   Skills:
 - Level 15.0 Fighting
 - Level 2.0 Short Blades
 - Level 9.0 Polearms
 - Level 2.0 Throwing
 + Level 5.1 Armour
 - Level 11.0 Dodging
 - Level 4.2 Stealth
 * Level 5.9 Shields
 - Level 12.0 Spellcasting
 - Level 8.0 Conjurations
 - Level 2.0 Hexes
 - Level 2.0 Summonings
 - Level 2.0 Translocations
 * Level 5.1 Ice Magic
 - Level 2.0 Air Magic
 - Level 2.0 Poison Magic
 - Level 5.0 Invocations
 - Level 7.0 Evocations


You had 17 spell levels left.
You knew the following spells:

 Your Spells              Type           Power        Failure   Level
a - Magic Dart            Conj           100%         2%          1
c - Slow                  Hex            25%          43%         2
d - Blink                 Tloc           N/A          43%         2
e - Mephitic Cloud        Conj/Pois/Air  35%          38%         3
f - Ozocubu's Refrigerat  Ice            20%          100%        7
g - Freezing Cloud        Conj/Ice/Air   20%          100%        6

Your spell library contained the following spells:

 Spells                   Type           Power        Failure   Level
 Searing Ray              Conj           100%         4%          2
 Dazzling Flash           Conj/Hex       80%          28%         3
 Apportation              Tloc           50%          32%         1
 Corona                   Hex            27%          32%         1
 Summon Small Mammal      Summ           100%         32%         1
 Conjure Flame            Conj/Fire      35%          38%         3
 Sting                    Tmut/Pois      80%          43%         1
 Call Imp                 Summ           25%          43%         2
 Call Canine Familiar     Summ           25%          67%         3
 Lesser Beckoning         Tloc           12%          67%         3
 Summon Guardian Golem    Hex/Summ       25%          67%         3
 Tukima's Dance           Hex            25%          67%         3
 Fulminant Prism          Conj/Hex       20%          67%         4
 Iskenderun's Mystic Bla  Conj/Tloc      40%          67%         4
 Passwall                 Tmut/Erth      12%          73%         2
 Ignite Poison            Fire/Tmut/Pois 18%          86%         3
 Summon Ice Beast         Ice/Summ       32%          86%         4
 Ice Form                 Ice/Tmut       27%          95%         4
 Summon Lightning Spire   Summ/Air       25%          97%         4
 Fireball                 Conj/Fire      17%          98%         5
 Metabolic Englaciation   Hex/Ice        16%          99%         5
 Alistair's Intoxication  Tmut/Pois      13%          100%        5
 Silence                  Hex/Air        12%          100%        5
 Summon Forest            Summ/Tloc      12%          100%        5
 Summon Mana Viper        Hex/Summ       25%          100%        5
 Conjure Ball Lightning   Conj/Air       20%          100%        6
 Invisibility             Hex            25%          100%        6
 Shadow Creatures         Summ           N/A          100%        6
 Simulacrum               Ice/Necr       13%          100%        6
 Starburst                Conj/Fire      17%          100%        6
 Summon Hydra             Summ           12%          100%        7
 Borgnjor's Revivificati  Necr           7%           100%        8
 Ignition                 Fire           7%           100%        8
 Infestation              Necr           7%           100%        8
 Necromutation            Tmut/Necr      7%           100%        8
 Death's Door             Necr           7%           100%        9
 Tornado                  Air            12%          100%        9


Dungeon Overview and Level Annotations

Branches:
Dungeon (15/15)            Temple (0/1) D:5            Lair (6/6) D:8
 Shoals (0/4) Lair:4       Spider (1/4) Lair:2        Slime (0/5) Lair:5
    Orc (2/2) D:9             Elf (0/3) Orc:2        Vaults (0/5) D:14
 Depths (0/5) D:15         Bailey (visited)

Altars:
Ashenzari
Fedhas
Hepliaklqana
Okawaru
Qazlal
Ru
Uskayaw
Vehumet
Wu Jian
Yredelemnul
The Shining One

Shops:
D:5 ?   D:7 (   D:8 *[**   D:14 [   Orc:2 ?[(?

Annotations:
D:5 exclusion: downstairs
D:6 2 transporters
Lair:2 2 transporters, TotallyRasta's ghost, journeyman DrCj


Innate Abilities, Weirdness & Mutations

You are too large for most types of armour.
You have tough skin. (AC +1)
Your life essence is reduced to manifest your ancestor. (-10% HP)


Message History

The jumping spider pounces on you but does no damage.
The jumping spider bites you but does no damage.
Unknown command.
Okay, then.
You feel yourself speed up.
The tarantella bites you but does no damage.
Something hits you.
* * * LOW HITPOINT WARNING * * *
Something hits you!
* * * LOW HITPOINT WARNING * * *
Something stings you but does no damage.
The jumping spider barely misses you.
The jumping spider bites you but does no damage.
The tarantella bites you!
* * * LOW HITPOINT WARNING * * *
Unknown command.
The jumping spider pounces on you but does no damage.
The jumping spider bites you but does no damage.
Something hits you.
You die...

##### ###...#
##.....# #
#......#.##
##.....††..#..
#......○.......
###s........(....
#@ss.....###.....
#s{.....## .s.(.
#^......# ....
###.....# s...
#.#.### ^s. #####


You could see 2 orb spiders, a jumping spider and a tarantella.

Vanquished Creatures
  A vault guard (D:14)
  Harold (D:8)
  Fannar (Orc:1)
  A rakshasa (D:14)
  An ice dragon (D:15)
  4 hydras
  2 boulder beetles
  Erolcha (D:12)
  2 centaur warriors
  A deep troll shaman (Lair:6)
  3 death yaks
  2 orc high priests (Orc:2)
  Sonja (Lair:5)
  A fire crab (Lair:4)
  An unseen horror (D:14)
  A deep elf pyromancer (D:15)
  A lindwurm (Lair:6)
  A harpy (shapeshifter) (D:12)
  3 orc knights (Orc:2)
  Pikel (D:8)
  An ugly thing (D:12)
  2 wolf spiders
  3 orc sorcerers
  A cyclops (D:15)
  9 elephants
  2 black mambas
  A centaur zombie (D:15)
  3 cane toads
  6 komodo dragons
  2 efreet
  A redback zombie (D:15)
  A freezing wraith (D:14)
  A yaktaur (D:15)
  A meliai (D:9)
  4 jumping spiders
  3 trolls
  3 polar bears (Lair:6)
  A hornet (Lair:2)
  16 blink frogs
  4 slime creatures
  A tarantella (Spider:1)
  7 redbacks
  A centaur simulacrum (D:15)
  5 wraiths
  31 yaks
  3 wyverns
  7 basilisks
  3 wargs
  2 vampire mosquitoes (D:14)
  A soldier ant (D:13)
  8 water moccasins
  An eye of draining (D:12)
  21 orc warriors
  A black bear (D:8)
  A necrophage (D:9)
  4 ice beasts
  2 sky beasts
  2 phantoms
  6 wolves
  6 ogres
  5 centaurs
  A lemure (D:7)
  2 big kobolds (D:8)
  A gnoll sergeant (D:5)
  4 bullfrogs
  3 scorpions
  2 killer bees
  6 wights
  An electric eel (Lair:4)
  A howler monkey (D:6)
  A bullfrog zombie (D:9)
  3 hounds
  11 jellies
  15 orc priests
  A centaur skeleton (D:7)
  A gnoll shaman (D:5)
  5 iguanas
  17 orc wizards
  9 worker ants
  2 hound zombies
  A hound skeleton (D:5)
  A howler monkey zombie (D:8)
  2 worker ant zombies
  An ancestor (D:6)
  13 gnolls
  2 river rats (D:4)
  17 adders
  A shadow imp (D:5)
  A white imp (D:6)
  An ufetubus (D:5)
  An ooze (Lair:5)
  2 adder skeletons
  5 worms
  2 dart slugs
  7 leopard geckos
  74 orcs
  5 giant cockroaches
  15 goblins
  6 hobgoblins
  4 jackals
  2 quokkas
  2 ball pythons
  4 bats
  3 frilled lizards
  A jackal skeleton (D:5)
  20 kobolds
  A leopard gecko skeleton (D:9)
  7 rats
500 creatures vanquished.

Vanquished Creatures (collateral kills)
  A dire elephant (D:15)
  Snorg (D:10)
  4 hydras
  A centaur warrior (D:13)
  A catoblepas (Lair:6)
  A two-headed ogre (D:13)
  2 death yaks (Lair:5)
  An orc high priest (Orc:2)
  A lindwurm (Lair:6)
  2 orc knights (Orc:2)
  2 oklob plants (Lair:6)
  A deep elf pyromancer (D:12)
  An ugly thing (D:12)
  A manticore (Lair:4)
  2 orc sorcerers (Orc:2)
  4 elephants
  Joseph (D:9)
  2 centaur zombies (D:12)
  2 black mambas
  2 torpor snails
  2 cane toads
  A naga mage (D:15)
  A cane toad (shapeshifter) (D:15)
  A rime drake (Lair:6)
  2 komodo dragons (Lair:3)
  An efreet (D:14)
  2 trolls
  2 polar bears
  5 blink frogs (Lair:6)
  A hornet (D:14)
  3 slime creatures (D:14)
  2 dream sheep (Lair:6)
  19 orc warriors
  A wyvern (Lair:4)
  3 basilisks
  7 redbacks
  2 tarantellas (Spider:1)
  19 yaks
  A vampire mosquito (D:14)
  2 wargs
  A steam dragon (Lair:3)
  11 water moccasins
  3 ice beasts
  2 sky beasts
  A black bear (D:8)
  A necrophage (D:12)
  5 ogres
  2 eyes of draining
  A phantom (D:13)
  2 wolves
  4 centaurs
  2 lemures (D:8)
  10 bullfrogs
  A big kobold (D:11)
  A gnoll sergeant (D:8)
  A scorpion (D:7)
  16 wights
  4 killer bees
  An electric eel (Lair:6)
  4 bullfrog zombies
  A quasit (D:10)
  12 hounds
  10 jellies
  28 orc wizards
  A bullfrog skeleton (D:10)
  A gnoll shaman (D:5)
  A centaur skeleton (D:7)
  7 orc priests
  4 iguanas
  7 worker ants
  A hound skeleton (D:7)
  2 ancestors (D:5)
  11 gnolls
  2 adders
  3 shadow imps
  2 worms
  43 orcs
  A giant cockroach (D:5)
  A hobgoblin (Bailey)
  2 jackals
  9 kobolds
332 creatures vanquished.

Vanquished Creatures (others)
  31 battlemagi
  A gnoll (D:5)
  9 ancestors
  An orc (D:9)
  29 fungi
  44 plants
115 creatures vanquished.

Grand Total: 947 creatures vanquished

Notes
Turn   | Place    | Note
-------+----------+-------------------------------------------
     0 | D:5      | GordonOverkill the Ogre Delver began the quest for the Orb.
     0 | D:5      | Reached XP level 1. HP: 24/24 MP: 1/1
    29 | D:5      | Reached XP level 2. HP: 23/32 MP: 2/2
   158 | D:6      | Noticed a bullfrog
   211 | D:4      | Noticed an ogre
   258 | D:4      | Learned a level 1 spell: Magic Dart
   473 | D:3      | Reached XP level 3. HP: 39/39 MP: 2/4
   729 | D:3      | Reached skill level 1 in Spellcasting
   786 | D:3      | Reached skill level 1 in Conjurations
  1541 | D:1      | Reached XP level 4. HP: 47/48 MP: 1/5
  1999 | D:1      | Learned a level 2 spell: Call Imp
  2002 | D:1      | Learned a level 2 spell: Slow
  2100 | D:2      | Found a faded altar of an unknown god.
  2560 | D:2      | Reached skill level 1 in Throwing
  2629 | D:2      | Found a stormy altar of Qazlal.
  3077 | D:2      | Found an iron altar of Okawaru.
  3124 | D:2      | Reached skill level 1 in Evocations
  3124 | D:2      | Reached XP level 5. HP: 54/54 MP: 7/7
  3127 | D:2      | Learned a level 2 spell: Blink
  3893 | D:3      | Reached skill level 1 in Hexes
  3954 | D:3      | Found an iron altar of Okawaru.
  3954 | D:3      | Found a hazy altar of Hepliaklqana.
  3958 | D:3      | Became a worshipper of Hepliaklqana the Forgotten
  4302 | D:4      | Reached XP level 6. HP: 48/55 MP: 7/9
  4389 | D:4      | Reached skill level 1 in Summonings
  4492 | D:4      | Got a translucent marble ring
  4643 | D:4      | Reached skill level 1 in Translocations
  5352 | D:5      | Reached XP level 7. HP: 62/63 MP: 8/11
  6191 | D:5      | Learned a level 3 spell: Mephitic Cloud
  6503 | D:5      | Found a staircase to the Ecumenical Temple.
  6829 | D:5      | Reached skill level 1 in Air Magic
  6829 | D:5      | Reached skill level 1 in Poison Magic
  6829 | D:5      | Reached XP level 8. HP: 66/71 MP: 11/13
  7051 | D:5      | Found Satoep's Magic Scroll Emporium.
  7057 | D:5      | Reached skill level 5 in Fighting
  7158 | D:5      | Bought a scroll of remove curse for 30 gold pieces
  7158 | D:5      | Bought a scroll of fog for 20 gold pieces
  7158 | D:5      | Bought a scroll of teleportation for 30 gold pieces
  7158 | D:5      | Bought a scroll of fog for 20 gold pieces
  7159 | D:5      | Identified the ring of Miracles {Int+9 Stlth-} (You found
                  | it on level 4 of the Dungeon)
  7226 | D:6      | Found a sacrificial altar of Ru.
  7753 | D:6      | Reached skill level 5 in Spellcasting
  8431 | D:6      | Reached XP level 9. HP: 77/79 MP: 9/17
  8700 | D:6      | Found a transporter.
  8783 | D:6      | Found a transporter.
  8784 | D:6      | Reached * piety under Hepliaklqana
  8892 | D:6      | Reached skill level 5 in Conjurations
  9215 | D:7      | Found a flagged portal.
  9233 | Bailey   | Entered a bailey
  9523 | Bailey   | Reached skill level 1 in Invocations
 10067 | D:7      | Reached skill level 6 in Fighting
 10400 | D:7      | Reached ** piety under Hepliaklqana
 10401 | D:7      | Remembered your ancestor celeryza as a battlemage
 10481 | D:7      | Found Wikk's Antique Weapon Emporium.
 11064 | D:8      | Found Nishopih's Assorted Antiques.
 11077 | D:8      | Reached skill level 7 in Fighting
 11413 | D:7      | Reached XP level 10. HP: 79/91 MP: 17/20
 11931 | D:8      | Bought a yellow potion for 27 gold pieces
 11931 | D:8      | Bought 2 scrolls labelled KUMANAPLES for 62 gold pieces
 11931 | D:8      | Bought a fizzy grey potion for 27 gold pieces
 11931 | D:8      | Bought a runed robe for 114 gold pieces
 12406 | D:8      | Reached skill level 8 in Fighting
 12465 | D:8      | Found Biemi's General Store.
 12497 | D:8      | Noticed Pikel
 12525 | D:8      | Found Kaifexzoll's Assorted Antiques.
 12729 | D:7      | Found a radiant altar of Vehumet.
 13289 | D:8      | Bought a scroll of blinking for 75 gold pieces
 13289 | D:8      | Bought a potion of curing for 30 gold pieces
 13759 | D:8      | Found a staircase to the Lair.
 13824 | D:8      | Reached skill level 1 in Polearms
 13865 | D:8      | Killed Pikel
 13986 | D:8      | Bought a bubbling sapphire potion for 27 gold pieces
 13986 | D:8      | Bought a scroll of identify for 62 gold pieces
 13996 | D:8      | Found a broken altar of Ashenzari.
 14008 | D:8      | Found Ryuheor's Antique Armour Boutique.
 14026 | D:8      | Found a hide-covered altar of Uskayaw.
 14214 | D:8      | Bought a gold wand for 124 gold pieces
 14214 | D:8      | Bought a metallic amethyst potion for 27 gold pieces
 14214 | D:8      | Upgraded the game from 0.27-a0-169-gd3d0dda1a4 to
                  | 0.27-a0-198-g1307ea1511
 14248 | D:9      | Noticed Harold
 14606 | D:8      | Killed Harold
 14607 | D:8      | Reached skill level 9 in Fighting
 14607 | D:8      | Reached skill level 5 in Dodging
 14607 | D:8      | Reached XP level 11. HP: 103/103 MP: 16/23
 15133 | D:9      | Found a staircase to the Orcish Mines.
 15161 | D:9      | Noticed Joseph
 15179 | D:9      | Killed Joseph
 15353 | Lair:1   | Entered Level 1 of the Lair of Beasts
 15949 | Lair:1   | Reached skill level 10 in Fighting
 16653 | D:9      | Found an ornate altar of the Wu Jian Council.
 16678 | D:9      | Found a blossoming altar of Fedhas.
 17129 | D:10     | Entered Level 10 of the Dungeon
 17276 | D:10     | Reached *** piety under Hepliaklqana
 17390 | D:10     | Noticed Snorg
 17400 | D:10     | Killed Snorg
 17401 | D:10     | Reached XP level 12. HP: 47/113 MP: 25/25
 17801 | D:11     | Reached skill level 10 in Spellcasting
 17857 | D:11     | Reached skill level 1 in Armour
 18343 | D:12     | Reached **** piety under Hepliaklqana
 18726 | D:12     | Noticed Erolcha
 18799 | D:12     | Killed Erolcha
 19019 | D:12     | Reached skill level 11 in Fighting
 19534 | D:12     | Found a basalt altar of Yredelemnul.
 19954 | D:12     | Found a basalt altar of Yredelemnul.
 20061 | D:13     | Noticed a centaur warrior
 20840 | Lair:2   | Found a transporter.
 20840 | Lair:2   | Found a hole to the Spider Nest.
 20840 | Lair:2   | Noticed TotallyRasta's ghost (journeyman DrCj)
 20874 | Lair:2   | Reached ***** piety under Hepliaklqana
 20878 | Lair:2   | Found a transporter.
 21832 | Lair:3   | Identified the Disquisition on Shifting Enchantment
 21988 | Lair:3   | Reached XP level 13. HP: 120/125 MP: 17/27
 22081 | Lair:3   | Reached skill level 12 in Fighting
 22081 | Lair:3   | Reached skill level 5 in Polearms
 23042 | Lair:4   | Reached skill level 5 in Evocations
 24182 | Lair:4   | Found an ornate altar of the Wu Jian Council.
 24184 | Lair:4   | Found a hide-covered altar of Uskayaw.
 24191 | Lair:4   | Reached skill level 13 in Fighting
 24474 | Lair:4   | Found a staircase to the Shoals.
 24571 | Lair:5   | Noticed Sonja
 24576 | Lair:5   | Killed Sonja
 24613 | Lair:5   | Found a staircase to the Slime Pits.
 24794 | Lair:5   | Reached skill level 10 in Dodging
 25292 | Lair:6   | Entered Level 6 of the Lair of Beasts
 25947 | Lair:6   | Reached XP level 14. HP: 94/137 MP: 28/28
 26141 | Lair:6   | Reached ****** piety under Hepliaklqana
 28042 | Lair:6   | Reached skill level 5 in Armour
 28042 | Lair:6   | Reached skill level 5 in Invocations
 28566 | Lair:6   | Found the +8 orange crystal plate armour {Archmagi, Int+3
                  | Clar}
 28596 | Lair:6   | Learned a level 7 spell: Ozocubu's Refrigeration
 28603 | Lair:6   | Learned a level 6 spell: Freezing Cloud
 29329 | D:13     | Reached skill level 1 in Ice Magic
 29340 | D:13     | Reached skill level 14 in Fighting
 29687 | D:13     | Found a hazy altar of Hepliaklqana.
 30131 | D:14     | Found a glowing golden altar of the Shining One.
 30324 | D:14     | Found Qifakib's Armour Boutique.
 30339 | D:14     | Reached XP level 15. HP: 83/146 MP: 30/30
 30700 | D:14     | Found a gate to the Vaults.
 30827 | D:15     | Entered Level 15 of the Dungeon
 31170 | D:15     | Reached skill level 1 in Shields
 31580 | D:15     | Found a staircase to the Depths.
 33263 | Orc:1    | Entered Level 1 of the Orcish Mines
 33470 | Orc:1    | Noticed Fannar
 33479 | Orc:1    | Killed Fannar
 33931 | Orc:2    | Entered Level 2 of the Orcish Mines
 34572 | Orc:2    | Found a staircase to the Elven Halls.
 34996 | Orc:2    | Reached skill level 15 in Fighting
 35012 | Orc:2    | Reached skill level 5 in Shields
 35132 | Orc:2    | Found Pysoir's Armour Emporium.
 35132 | Orc:2    | Found Pousofio's Magic Scroll Boutique.
 35211 | Orc:2    | Found Qogoox's Magic Scroll Emporium.
 35211 | Orc:2    | Found Diriggen's Antique Weapon Boutique.
 35505 | Orc:2    | Bought the +0 shadow dragon scales "Nuuwn" {rElec rPois rF+
                  | Stlth++++} for 1348 gold pieces
 35522 | Orc:2    | Bought a scroll of fear for 49 gold pieces
 35522 | Orc:2    | Bought a scroll of teleportation for 42 gold pieces
 35523 | Orc:2    | Bought a smoking dagger for 119 gold pieces
 35523 | Orc:2    | Identified the +4 dagger of the Crushed Shrikes {vorpal,
                  | *Drain rF++ Dex+3} (You bought it in a shop on level 2 of
                  | the Orcish Mines)
 35693 | Spider:1 | Entered Level 1 of the Spider Nest
 35727 | Spider:1 | Reached skill level 5 in Ice Magic
 36074 | Spider:1 | HP: 6/150 [tarantella (11)]
 36075 | Spider:1 | Slain by a ghost moth

Illustrated notes

Levels and vault maps discovered:
D:1:      dpeg_arrival_rhombi, layout_loops_ring
D:2:      layout_loops_ring, nicolae_overflow_crystal_walls,
          chequers_ecumenical_altar_grove, okawaru_altar_gauntlet_db
D:3:      layout_basic, gammafunk_temple_overflow_wave, uniq_ijyb
D:4:      layout_basic, lightli_sewer_entry_pipes
D:5:      layout_cave_pools, minmay_temple_entry_waves, serial_gnoll_camp,
          gnoll_camp_mini_house, gnoll_camp_mini_doghouse, gnoll_camp_medium_01,
          gnoll_camp_mini_shop
D:6:      gammafunk_cloud_chamber, layout_rooms, basic_altar,
          roderic_serpentine_path
D:7:      lemuel_upstairs_altar, layout_cave_pods, enter_bailey_5, serial_shops,
          shop, grunt_tough_drop
D:8:      minmay_flawed_box, layout_cave_pools, kennysheep_little_box,
          erik_lair_orcish_takeover, basic_altar, serial_shops,
          nicolae_shop_crystal, shop_fountains,
          nicolae_shop_competitors_out_of_business, nicolae_shop_behind_doors,
          uniq_pikel
D:9:      layout_loops_cross, overflow_temple_1_default, david_orc_3,
          minmay_ruined_shrine, uniq_harold, uniq_joseph
D:10:     layout_rooms, uniq_snorg
D:11:     layout_loops_ring
D:12:     layout_roguey, basic_altar, uniq_erolcha
D:13:     layout_loops_cross, basic_altar, gauntlet_entry_generic
D:14:     nooodl_glass_maze, layout_basic, david_vaults_5, kennysheep_path_1,
          serial_shops, nicolae_shop_temple_entry_statues_fountains, tso_altar
D:15:     hangedman_depths_entry_try_elsewhere_first, layout_loops_corners
Lair:1:   layout_loops_ring
Lair:2:   layout_chaotic_city, nicolae_spider_entry_tight_spaces,
          gammafunk_ghost_arena, lemuel_fruit_tree
Lair:3:   layout_cave_pods
Lair:4:   nzn_winding_woodlands_medium [nzn_winding_woodlands_5x5_closed_star,
          nzn_winding_woodlands_5x15_sidewinder,
          nzn_winding_woodlands_hourglass, nzn_winding_woodlands_5x5_cross,
          nzn_winding_woodlands_center_diamonds,
          nzn_winding_woodlands_5x5_three,
          nzn_winding_woodlands_5x5_checkerboard,
          nzn_winding_woodlands_5x15_lazy_stream,
          nzn_winding_woodlands_5x5_perimeter], layout_regular_city,
          elwin_shoals_entry_rocks, nzn_masters_of_martial_movement,
          infiniplex_staircase_pool
Lair:5:   layout_loops_ring, minmay_slime_entry_jelly_boxes, uniq_sonja
Lair:6:   grunt_lair_end_beastmaster, layout_gridlike,
          nicolae_quartered_pool_super, serial_bayou_shore_b,
          serial_bayou_shore_b, grunt_megastairs_3, minmay_lair_oklob_chamber
Spider:1: layout_spider_delve, nicolae_looking_at_the_future, uniq_donald
Orc:1:    layout_caves, nicolae_orc_lava_room, uniq_fannar
Orc:2:    grunt_orc_tribal_feast, layout_caves, nicolae_orc_stony_grotto,
          lightli_orcish_oven

Skill      XL: |  1  2  3  4  5  6  7  8  9 10 11 12 13 14 15 |
---------------+----------------------------------------------+-----
Stealth        | 4 |  4.2
Spellcasting   | 1 2 3 5 7 8 9 10 11 12 | 12.0
Conjurations   | 1 2 3 4 6 7 8 |  8.0
Throwing       | 1 2 |  2.0
Short Blades   | 2 |  2.0
Evocations     | 1 2 3 4 7 |  7.0
Hexes          | 1 2 |  2.0
Summonings     | 1 2 |  2.0
Translocations | 1 2 |  2.0
Air Magic      | 1 2 |  2.0
Poison Magic   | 1 2 |  2.0
Fighting       | 5 7 9 10 11 13 14 15 | 15.0
Invocations    | 3 5 |  5.0
Dodging        | 2 5 7 8 10 11 | 11.0
Polearms       | 2 4 7 8 9 |  9.0
Armour         | 4 5 |  5.1
Ice Magic      | 2 5 |  5.1
Shields        | 5 |  5.9

Action                   |  1- 3 |  4- 6 |  7- 9 | 10-12 | 13-15 || total
-------------------------+-------+-------+-------+-------+-------++-------
Melee: Short sword       |     9 |       |       |       |       ||     9
       Rapier            |    15 |     3 |       |       |       ||    18
       Dagger            |    16 |    88 |   178 |   137 |       ||   419
       Trident           |       |       |       |   411 |   975 ||  1386
Throw: Dart              |    25 |    12 |    14 |     4 |     2 ||    57
       Stone             |    17 |       |       |       |       ||    17
 Cast: Magic Dart        |    21 |   118 |   211 |    40 |     6 ||   396
       Slow              |       |     5 |    28 |    22 |    86 ||   141
       Call Imp          |       |       |    23 |     8 |     2 ||    33
       Mephitic Cloud    |       |       |     7 |    13 |       ||    20
       Blink             |       |       |       |     1 |     1 ||     2
Invok: Ancestor Identity |       |     1 |       |       |       ||     1
       Recall Ancestor   |       |       |     2 |     4 |     6 ||    12
       Ancestor Life: Ba |       |       |     1 |       |       ||     1
 Abil: Evoke Flight      |       |       |     3 |       |       ||     3
       Stop Flying       |       |       |     1 |       |       ||     1
Evoke: Wand              |       |       |     2 |     7 |    13 ||    22
       Tin of tremorston |       |       |       |       |     2 ||     2
       Condenser vane    |       |       |       |       |     1 ||     1
  Use: Scroll            |     7 |     4 |     6 |    23 |    12 ||    52
       Potion            |       |     1 |       |     6 |     5 ||    12
 Stab: Sleeping          |     3 |     2 |       |     4 |     2 ||    11
       Distracted        |       |       |     2 |     6 |    16 ||    24
       Confused          |       |       |       |     1 |       ||     1
       Paralysed         |       |       |       |       |     3 ||     3
       Petrified         |       |       |       |       |     2 ||     2
       Petrifying        |       |       |       |       |     1 ||     1
Armor: Robe              |     7 |    19 |    88 |    82 |       ||   196
       Troll leather arm |       |       |       |   102 |   203 ||   305
       Skin              |       |       |       |     9 |       ||     9
       Shadow dragon sca |       |       |       |       |    58 ||    58
Dodge: Dodged            |    15 |    42 |   122 |   281 |   456 ||   916
Block: Kite shield       |       |       |       |       |   171 ||   171

Table legend: (Time is in decaauts)
 A = Elapsed time spent in this place.
 B = Non-inter-level travel time spent in this place.
 C = Inter-level travel time spent in this place.
 D = Time resting spent in this place.
 E = Time spent auto-exploring this place.
 F = Levels seen in this place.
 G = Mean time per level.
                   A        B        C        D        E       F      G
               +--------+--------+--------+--------+--------+-----+--------+
         Total |  36223 |  34515 |   1708 |  14482 |  10371 |  25 | 1448.9 |
       Dungeon |  23822 |  22663 |   1159 |   9595 |   6140 |  15 | 1588.1 |
          Lair |   9616 |   9186 |    430 |   3714 |   3565 |   6 | 1602.7 |
   Spider Nest |     69 |     69 |      0 |      2 |      9 |   1 |   69.0 |
  Orcish Mines |   2258 |   2140 |    118 |    976 |    600 |   2 | 1129.0 |
        Bailey |    456 |    456 |      0 |    195 |     57 |   1 |  456.0 |
               +--------+--------+--------+--------+--------+-----+--------+

Top non-repeatable levels by time:
     D:7: 3547 daAuts
     D:8: 2170 daAuts
     D:5: 2082 daAuts
  Lair:6: 2080 daAuts
  Lair:5: 2021 daAuts
  Lair:2: 1897 daAuts
    D:12: 1866 daAuts
    D:15: 1788 daAuts
  Lair:4: 1739 daAuts
     D:6: 1734 daAuts
     D:4: 1713 daAuts
    D:14: 1537 daAuts
     D:9: 1443 daAuts
     D:2: 1429 daAuts
   Orc:1: 1149 daAuts
